AoeStats
← wilson2012629

Arena

509776599Analyzed
1v1 RM · 5d ago on Sep 28, 2026· 60m 37s· 2 players
Game mode
Random Map
Map size
Tiny (2 player)
Population
200
Speed
Normal
Resources
Standard
Victory
Conquest
Starting age
Dark Age
Ending age
Imperial Age
RankedLock teamsTeams togetherTeam positionsShared explorationLock speedFull tech treeHidden civsTurbo modeCheats
Victory
Defeat
🇦🇷 Byzantines · Argentina
902
+17
🇹🇼 Cumans · Taiwan
913
-41
JAGR | Dr. Xeneize
10:40 Feudal Age
15:24 Castle Age
14:02 Stone Mining
17:21 Double-Bit Axe
20:23 Bow Saw
24:09 Gold Mining
24:01 Horse Collar
25:01 Heavy Plow
25:39 Gold Shaft Mining
25:39 Stone Shaft Mining
25:32 Scale Barding Armor
27:38 Forging
28:18 Wheelbarrow
29:29 Hand Cart
32:16 Imperial Age
29:53 Husbandry
31:51 Iron Casting
32:09 Stone Shaft Mining
32:42 Chain Barding Armor
32:33 Fletching
33:31 Conscription
32:36 Heavy Camel Rider
33:45 Conscription
33:47 Elite Skirmisher
34:33 Thumb Ring
34:25 Bodkin Arrow
36:02 Two-Man Saw
35:18 Guilds
35:16 Thumb Ring
36:15 Chemistry
35:49 Padded Archer Armor
37:02 Ballistics
37:52 Plate Barding Armor
37:18 Bracer
37:37 Leather Archer Armor
38:13 Treadmill Crane
43:21 Ring Archer Armor
45:12 Redemption
52:54 Hoardings
wilson2012629
9:49 Feudal Age
12:04 Horse Collar
13:16 Double-Bit Axe
22:54 Castle Age
21:00 Gold Mining
22:27 Forging
23:37 Loom
27:09 Wheelbarrow
26:46 Bow Saw
26:37 Heavy Plow
28:57 Stone Mining
30:02 Fletching
30:37 Ballistics
31:36 Thumb Ring
31:37 Bodkin Arrow
33:15 Padded Archer Armor
35:54 Imperial Age
33:41 Hand Cart
34:33 Steppe Husbandry
35:29 Bloodlines
36:15 Leather Archer Armor
36:06 Scale Barding Armor
35:39 Light Cavalry
37:15 Iron Casting
36:54 Hussar
38:08 Chain Barding Armor
38:39 Parthian Tactics
40:54 Ring Archer Armor
41:01 Plate Barding Armor
40:00 Heavy Cavalry Archer
40:57 Cavalier
Connection lost

Rejoining the realm…

Still unreachable

The connection could not be restored.

Session expired

The server has moved on; the page needs a fresh start.